Map: [ESL] Goldenaura

Players

Reaper - Winner!

  • Race: Zerg Zerg
  • Spawn Location: 5:00

Gerald

  • Race: Protoss Protoss
  • Spawn Location: 12:00

Event: ESL SC2 Masters 2023 Winter (Finals)

VOD

Have the link to the VOD?

Description

Time

  • Played on: Dec. 15, 2023, 10:33 a.m.
  • Length: 4:08

All games in this series

Show
View Real Time Build Order
Export as new Build Order

Reaper Zerg - Winner!

Build Orders: Pool First 

Get SALT Encoding   

  12  0:00  Drone  
  13  0:14  Extractor  
  12  0:23  Spawning Pool  
  12  0:28  Drone  
  12  0:33  Drone  
  13  0:38  Drone  
  14  0:49  Overlord  
  14  1:10  Zergling x2  
  14  1:11  Zergling x4  
  16  1:13  Metabolic Boost  
  17  1:29  Roach Warren  
  16  1:43  Queen  
  18  1:52  Overlord  
  18  2:11  Roach x2  
  24  2:15  Roach  
  24  2:26  Overlord  
  24  2:38  Ravager  
  24  2:40  Zergling x2  
  26  2:44  Zergling x2  
  27  2:53  Zergling x4  
  27  2:56  Zergling x2  
  30  3:00  Zergling x2  
  30  3:04  Ravager x2  
  33  3:09  Zergling x2  
  34  3:19  Zergling x2  
  34  3:28  Zergling x4  
  34  3:32  Zergling x2  
  33  3:41  Zergling x2  
  35  3:55  Drone  
  35  4:00  Hatchery  
Show
View Real Time Build Order
Export as new Build Order

Gerald Protoss 

Build Orders:  

Get SALT Encoding   

  12  0:00  Probe  
  13  0:12  Probe  
  14  0:18  Pylon  
  14  0:24  Probe  
  15  0:36  Probe (Chrono Boost)  
  15  0:39  Gateway  
  16  0:46  Probe (Chrono Boost)  
  16  0:49  Assimilator  
  17  0:52  Probe  
  18  1:04  Probe  
  19  1:16  Probe  
  20  1:26  Cybernetics Core  
  20  1:29  Probe  
  20  1:31  Zealot (Chrono Boost)  
  20  1:32  Gateway  
  23  1:41  Pylon  
  23  1:43  Assimilator  
  23  1:52  Gateway  
  23  2:01  Adept (Chrono Boost)  
  25  2:05  Probe  
  26  2:17  Probe  
  27  2:29  Probe  
  27  2:30  Adept  
  27  2:34  Stargate  
  29  2:43  Nexus  
  29  2:56  Shield Battery  
  29  2:58  Probe  
  30  3:07  Pylon  
  30  3:08  Gateway  
  28  3:29  Adept  
  30  3:37  Void Ray (Chrono Boost)  
  34  3:43  Cybernetics Core  
  34  3:46  Pylon  
  34  3:47  Probe  
Tags
 
Add a new tag
Caveats
  • Supply blocks, unpowered buildings, or Contaminate may cause inaccurate times.
  • Supply counts are checked every 10 seconds.